 Dungeon Crawl Stone Soup version 0.27.1-33-g824d729ab1 (webtiles) character file.

Game seed: 1116214878981611565

1632 Descartes the Covert (level 8, 0/34 HPs)
             Began as a Felid Wanderer on Nov 28, 2021.
             Killed by divine providence
             ... invoked by an orc priest
              (12 damage)
             ... on level 7 of the Dungeon.
             The game lasted 00:23:35 (10611 turns).

Descartes the Covert (Felid Wanderer)              Turns: 10611, Time: 00:23:35

Health: 0/34       AC:  2    Str: 10    XL:     8   Next: 66%
Magic:  3/10       EV: 26    Int: 13    God:
Gold:   947        SH:  0    Dex: 22    Spells: 1/9 levels left
                                        Lives:  0   Deaths: 2

rFire    . . .     SeeInvis +     - Unarmed
rCold    . . .     Faith    .   (shield unavailable)
rNeg     . . .     Spirit   .   (armour unavailable)
rPois    .         Reflect  .   (helmet unavailable)
rElec    .         Harm     .   (cloak unavailable)
rCorr    .         Rampage  .   (gloves unavailable)
Will     +....                  (boots unavailable)
Stlth    +++++.....             (no amulet)
HPRegen  0.11/turn              r - ring of wizardry
MPRegen  0.12/turn              m - +6 ring of dexterity

@: studying 2 skills, quick
A: very small, claws 1, fangs 3, see invisible, speed 1, shaggy fur 2, stealthy
paws, no weapons or thrown items, no armour, multi-lived
a: no special abilities


You were on level 7 of the Dungeon.
You visited 2 branches of the dungeon, and saw 8 of its levels.

You collected 947 gold pieces.

Inventory:

Missiles
 k - 211 stones
Jewellery
 m - a +6 ring of dexterity (right paw)
 r - a ring of wizardry (left paw)
Wands
 a - a wand of flame (30) (quivered)
 o - a wand of paralysis (1)
 s - a wand of mindburst (10)
 v - a wand of polymorph (6)
Scrolls
 b - 6 scrolls of teleportation
 c - a scroll of immolation {unknown}
 g - 2 scrolls of magic mapping
 j - a scroll of blinking
 l - a scroll of vulnerability {unknown}
 p - 3 scrolls of amnesia
 q - a scroll of noise {unknown}
Potions
 d - a potion of might {unknown}
 e - 3 potions of heal wounds {unknown}
 f - a potion of lignification {unknown}
 h - a potion of flight {unknown}
 i - a potion of haste {unknown}
 n - a potion of attraction {unknown}
 t - 2 potions of brilliance {unknown}
 u - a potion of curing


   Skills:
 + Level 2.4 Fighting
 + Level 9.6 Dodging
 - Level 10.0 Stealth
 - Level 5.0 Unarmed Combat
 - Level 1.0 Spellcasting
 - Level 5.0 Hexes
 - Level 5.0 Transmutations
 - Level 1.7 Air Magic
 - Level 5.0 Evocations


You had one spell level left.
You knew the following spells:

 Your Spells              Type           Power      Damage    Failure   Level
a - Confusing Touch       Hex            13%        N/A       4%          3
b - Yara's Violent Unrav  Hex/Tmut       6%         3d5       36%         5

Your spell library contained the following spells:

 Spells                   Type           Power      Damage    Failure   Level
 Summon Small Mammal      Summ           0%         N/A       12%         1
 Slow                     Hex            13%        N/A       2%          2
 Summon Guardian Golem    Hex/Summ       7%         N/A       12%         3
 Call Canine Familiar     Summ           0%         N/A       32%         3
 Gell's Gravitas          Tloc           0%         N/A       32%         3
 Lesser Beckoning         Tloc           0%         N/A       32%         3
 Teleport Other           Tloc           0%         N/A       32%         3


Dungeon Overview and Level Annotations

Branches:
Dungeon (7/15)             Temple (1/1) D:6

Altars:
Ashenzari
Cheibriados
Dithmenos
Fedhas
Gozag
Hepliaklqana
Kikubaaqudgha
Makhleb
Nemelex Xobeh
Okawaru
Qazlal
Ru
Sif Muna
Trog
Uskayaw
Vehumet
Wu Jian
Xom
Yredelemnul
The Shining One

Shops:
D:2 [   D:6 *


Innate Abilities, Weirdness & Mutations

You have sharp claws.
You have razor-sharp teeth.
You have supernaturally acute eyesight. (SInv)
You cover ground quickly. (Speed+)
You are covered in thick fur. (AC +2)
Your paws help you pounce on unaware monsters.
You are incapable of wielding weapons or throwing items.
You cannot wear armour.
You gain extra lives every three experience levels.


Message History

The water moccasin is lightly wounded.
The orc completely misses you.
Casting: Confusing Touch (dangerous; 4% risk of failure)
Confirm with . or Enter, or press ? or * to list all spells.
You don't have enough magic to cast this spell.
Unknown command.
Casting: Confusing Touch (dangerous; 4% risk of failure)
Confirm with . or Enter, or press ? or * to list all spells.
You don't have enough magic to cast this spell.
You barely miss the orc.
The orc is heavily wounded.
The water moccasin bites the orc.
The orc is killed!
The centaur skeleton barely misses you. The centaur skeleton misses you.
The centaur skeleton completely misses you.
The centaur skeleton kicks you but does no damage.
The water moccasin completely misses you.
Things that are here:
a +0 dagger; 14 gold pieces; an orc corpse You catch the helpless water moccasin completely off-guard!
You mangle the water moccasin!! You claw the water moccasin.
You bite the water moccasin.
You kill the water moccasin!
The centaur skeleton hits you.
The centaur skeleton completely misses you.
Things that are here:
a +0 dagger; an orc corpse An orc priest comes into view.
It is wielding a +0 club.
The centaur skeleton hits you.
The centaur skeleton completely misses you.
You see here a wand of polymorph (6).
v - a wand of polymorph (6)
The orc priest invokes the aid of Beogh against you.
Beogh smites you! The centaur skeleton barely misses you.
The centaur skeleton completely misses you.
The centaur skeleton hits you.
The centaur skeleton completely misses you.
The orc priest mumbles some strange prayers to Beogh against you.
Beogh smites you!
You die...

..#.......# ..#########
..........# ..........# ###
..........# #######..
..........# ##.......
#.........# #..###.### #
#.........#####..#..$..# .##
................@#.....#....
.................Z..).[....
##........#..#...#Z).†.#..
#.............o.#oo)..#
#.........###.#####)###
#########.#..... ...8
#.#.#.#.#.....# #######
#....#.....8.... ....... ..#
# #.#.....#.⌠


You could see 3 orc priests, a killer bee zombie and a centaur skeleton.

Vanquished Creatures
  Maggie (D:6)
  Sigmund (D:2)
  4 water moccasins
  2 sky beasts (D:6)
  An orc warrior (D:7)
  3 ice beasts
  A black bear (D:5)
  2 ogres (D:5)
  A scorpion (D:6)
  A water moccasin zombie (D:6)
  A water moccasin skeleton (D:4)
  A howler monkey (D:5)
  2 hounds
  A centaur skeleton (D:4)
  2 orc priests
  2 jellies
  2 bullfrog skeletons
  Crazy Yiuf (D:5)
  Jessica (D:2)
  Terence (D:3)
  A gnoll shaman (D:5)
  3 iguanas
  3 orc wizards
  2 hound skeletons
  A howler monkey skeleton (D:5)
  A howler monkey zombie (D:6)
  5 gnolls
  5 adders
  A shadow imp (D:6)
  A white imp (D:6)
  2 ufetubi
  An adder skeleton (D:4)
  3 worms
  A dart slug (D:3)
  19 orcs
  9 bats
  9 endoplasms
  7 giant cockroaches
  12 hobgoblins
  2 jackals (D:3)
  8 kobolds
  2 quokkas
  6 ball pythons
  2 frilled lizards
  8 goblins
  5 rats
150 creatures vanquished.

Vanquished Creatures (collateral kills)
  An ice beast (D:6)
  A howler monkey zombie (D:6)
  A white imp (D:6)
3 creatures vanquished.

Grand Total: 153 creatures vanquished

Notes
Turn   | Place    | Note
-------+----------+-------------------------------------------
     0 | D:1      | Descartes the Felid Wanderer began the quest for the Orb.
     0 | D:1      | Descartes set off with the following items: a wand of flame
                  | (15), a scroll of teleportation
     0 | D:1      | Reached XP level 1. HP: 9/9 MP: 3/3
   122 | D:1      | Found a faded altar of an unknown god.
   132 | D:1      | Reached skill level 1 in Stealth
   240 | D:1      | Reached skill level 1 in Dodging
   294 | D:1      | Reached XP level 2. HP: 13/13 MP: 4/4
   839 | D:1      | Reached skill level 2 in Stealth
  1158 | D:2      | Reached XP level 3. HP: 16/16 MP: 5/5
  2438 | D:3      | Noticed Terence
  2456 | D:3      | Killed Terence
  2457 | D:3      | Reached skill level 3 in Stealth
  2457 | D:3      | Reached XP level 4. HP: 18/19 MP: 6/6
  2913 | D:2      | Found Mois's Armour Emporium.
  3018 | D:2      | Noticed Jessica
  3025 | D:2      | Killed Jessica
  3060 | D:2      | Noticed Sigmund
  3074 | D:2      | Killed Sigmund
  3075 | D:2      | Reached skill level 4 in Stealth
  3075 | D:2      | Reached XP level 5. HP: 15/22 MP: 7/7
  3075 | D:2      | Gained mutation: You are covered in thick fur. (AC +2)
                  | [Felid growth]
  3075 | D:2      | Reached XP level 6. HP: 18/26 MP: 8/8
  4324 | D:4      | Reached skill level 5 in Stealth
  5133 | D:4      | Noticed an ice beast
  5151 | D:4      | Slain by an ice beast
  5152 | D:4      | Reached XP level 5. HP: -5/22 MP: 7/7
  5171 | D:4      | Killed an ice beast
  5172 | D:4      | Reached skill level 5 in Dodging
  5172 | D:4      | Reached skill level 5 in Unarmed Combat
  5172 | D:4      | Reached XP level 6. HP: 26/26 MP: 8/8
  5542 | D:5      | Entered Level 5 of the Dungeon
  5746 | D:5      | Reached skill level 6 in Stealth
  5836 | D:5      | Learned a level 3 spell: Confusing Touch
  5883 | D:5      | Reached XP level 7. HP: 13/30 MP: 9/9
  6112 | D:5      | Reached skill level 1 in Hexes
  6146 | D:5      | Reached skill level 5 in Evocations
  7533 | D:4      | Learned a level 5 spell: Yara's Violent Unravelling
  7659 | D:5      | Reached skill level 7 in Stealth
  7659 | D:5      | Reached skill level 1 in Transmutations
  7827 | D:5      | Reached XP level 8. HP: 27/33 MP: 6/10
  8182 | D:5      | Identified 3 scrolls of acquirement
  8182 | D:5      | Acquired a manual of Ice Magic
  8185 | D:5      | Acquired 652 gold pieces
  8186 | D:5      | Acquired a manual of Stealth
  8473 | D:5      | Found a runed translucent door.
  8474 | D:5      | Noticed Crazy Yiuf
  8481 | D:5      | Killed Crazy Yiuf
  8606 | D:6      | Reached skill level 8 in Stealth
  8714 | D:6      | Found a staircase to the Ecumenical Temple.
  8724 | Temple   | Entered the Ecumenical Temple
  9437 | D:6      | Reached skill level 5 in Hexes
  9451 | D:6      | Found Guod's Neck Hole.
  9461 | D:6      | Found an ornate altar of the Wu Jian Council.
  9557 | D:6      | Reached skill level 9 in Stealth
  9891 | D:6      | Noticed Maggie
  9904 | D:6      | HP: 1/33 [water moccasin zombie (4)]
  9905 | D:6      | Succumbed to Maggie's poison
  9906 | D:6      | Reached XP level 7. HP: -4/30 MP: 8/9
 10048 | D:6      | Reached skill level 10 in Stealth
 10048 | D:6      | Reached XP level 8. HP: 33/33 MP: 6/10
 10164 | D:6      | Killed Maggie
 10165 | D:6      | Reached skill level 5 in Transmutations
 10312 | D:7      | Found an opulent altar of Gozag.
 10469 | D:7      | Identified the +5 rapier "Cuhugeah" {freeze, rN+ Int+3
                  | Dex+4}
 10611 | D:7      | Killed from afar by an orc priest

Illustrated notes

Levels and vault maps discovered:
D:1:      lemuel_arrival_river_bridge, layout_loops_cross,
          ebering_ecumenical_altar_sacrificial, kennysheep_pointless_box,
          chequers_serial_rivers_micro_a, kennysheep_minor_cross,
          minmay_misc_feat_diagonals, solitary_fountain,
          kennysheep_decorative_pillar, minmay_fountain_box
D:2:      layout_basic, serial_shops, nicolae_shop_stone, uniq_sigmund,
          uniq_jessica
D:3:      layout_loops_ring, uniq_terence
D:4:      layout_loops_cross
D:5:      layout_basic, uniq_crazy_yiuf_cottage
D:6:      layout_cave_pools, nzn_wu_jian_council_hall,
          minmay_temple_entry_junction, portal_sewer_entry_a,
          nicolae_shop_sticking_my_neck_out, uniq_maggie
D:7:      layout_basic, nicolae_gozag_cash_rules_everything_around_me,
          minmay_chambers_of_fives
Temple:   hc_temple_tempest_star

Skill      XL: |  1  2  3  4  5  6  7  8 |
---------------+-------------------------+-----
Stealth        | 1 2 3 4 6 10 9 | 10.0
Dodging        | 1 2 4 5 6 9 |  9.6
Unarmed Combat | 4 5 |  5.0
Evocations     | 3 4 5 |  5.0
Hexes          | 3 5 |  5.0
Transmutations | 4 5 |  5.0
Fighting       | |  2.4
Spellcasting   | |  1.0
Air Magic      | |  1.7

Action                   |  1- 3 |  4- 6 |  7- 9 || total
-------------------------+-------+-------+-------++-------
Melee: Unarmed           |   109 |   201 |   252 ||   562
       Bite              |     5 |    16 |    32 ||    53
       Punch             |     2 |     4 |    10 ||    16
 Cast: Confusing Touch   |       |       |    26 ||    26
Evoke: Wand              |     3 |     2 |       ||     5
  Use: Potion            |     1 |     1 |     1 ||     3
       Scroll            |       |     1 |    10 ||    11
 Stab: Sleeping          |     9 |    12 |     9 ||    30
       Paralysed         |     2 |     2 |       ||     4
       Distracted        |       |     2 |     1 ||     3
       Confused          |       |       |    22 ||    22
Armor: Skin              |    11 |    10 |    10 ||    31
Dodge: Dodged            |    72 |   147 |   191 ||   410
